[ AOE2 MATCH · #462126652 ]
UnrankedTeutons vs Italians
[ REPLAY ANALYSIS · EXTRACTED FROM THE RECORDED GAME ]
Feudal
10:01
Castle
14:18
Imperial
29:02
| APM avg | 19.0 |
| APM peak | 61 |
| eAPM avg | 9.9 |
| Villagers / military | 77 / 241 |
Focus
⚔️ 41.9% · 🌾 58.1%
Teutonic Knight ×152 · Spearman ×71 · Mangonel ×12 · Trebuchet (Packed) ×4 · Scorpion ×2
Feudal
6:17
Castle
12:27
Imperial
29:26
| APM avg | 32.0 |
| APM peak | 71 |
| eAPM avg | 18.9 |
| Villagers / military | 170 / 204 |
Focus
⚔️ 32.3% · 🌾 67.7%
Archer ×100 · Hand Cannoneer ×52 · Unknown (882) ×45 · Genoese Crossbowman ×34 · Battering Ram ×6 · Trebuchet (Packed) ×6
Feudal
9:27
Castle
13:22
Imperial
29:55
| APM avg | 15.7 |
| APM peak | 32 |
| eAPM avg | 12.2 |
| Villagers / military | 84 / 456 |
Focus
⚔️ 38.3% · 🌾 61.7%
Eagle Scout ×443 · Battering Ram ×7 · Monk ×3 · Trebuchet (Packed) ×3
Feudal
7:03
Castle
16:06
Imperial
36:32
| APM avg | 15.8 |
| APM peak | 30 |
| eAPM avg | 11.5 |
| Villagers / military | 129 / 264 |
Focus
⚔️ 34.4% · 🌾 65.6%
Spearman ×205 · Militia ×26 · Knight ×22 · Scorpion ×5 · Monk ×2 · Petard ×2
Feudal
8:53
Castle
14:29
Imperial
30:13
| APM avg | 18.9 |
| APM peak | 55 |
| eAPM avg | 16.5 |
| Villagers / military | 98 / 207 |
Focus
⚔️ 43.1% · 🌾 56.9%
Knight ×70 · Tarkan ×69 · Spearman ×56 · Scout Cavalry ×7 · Trebuchet (Packed) ×5
Feudal
8:28
Castle
16:35
Imperial
26:44
| APM avg | 19.6 |
| APM peak | 59 |
| eAPM avg | 9.9 |
| Villagers / military | 117 / 218 |
Focus
⚔️ 26.1% · 🌾 73.9%
Knight ×217 · Trade Cart ×61 · Monk ×1
Match map
Initial resources + every placement click. Lines = walls · curves = elevation contours. ◆ gold · ⬟ stone · ● berries · ✦ relic · ◌ wall gap
Your base· Open — unwalled flank
Thirithos's base· Open — unwalled flank
Basado Basadez's base· Open — unwalled flank
Bredark's base· Open — unwalled flank
Goroez's base· Open — unwalled flank
Denderboy's base· Open — unwalled flank
Smoothed initial terrain · ◌ = detected wall gap · hover for details
Inputs per minute
— The Bear Jew - - Thirithos
Build order — The Bear Jew
First 150 of 267 actions detected
| 0:09 | Create | Villager (Male) |
| 0:09 | Create | Villager (Male) |
| 0:09 | Create | Villager (Male) |
| 0:10 | Create | Villager (Male) |
| 0:10 | Create | Villager (Male) |
| 0:37 | Build | Lumber Camp |
| 1:16 | Build | Mill |
| 1:20 | Create | Villager (Male) |
| 1:48 | Create | Villager (Male) |
| 2:23 | Create | Villager (Male) |
| 3:30 | Create | Villager (Male) |
| 3:31 | Create | Villager (Male) |
| 3:33 | Create | Villager (Male) |
| 3:40 | Research | Loom |
| 5:21 | Create | Villager (Male) |
| 5:21 | Create | Villager (Male) |
| 5:22 | Create | Villager (Male) |
| 5:42 | Create | Villager (Male) |
| 5:45 | Create | Villager (Male) |
| 6:03 | Create | Villager (Male) |
| 7:33 | Research | Feudal Age |
| 7:57 | Build | Mining Camp |
| 8:31 | Build | House |
| 8:48 | Build | Barracks |
| 8:59 | Build | House |
| 10:01 | Age | Feudal Age |
| 10:12 | Build | Stable |
| 10:20 | Build | Blacksmith |
| 10:24 | Create | Villager (Male) |
| 10:25 | Create | Villager (Male) |
| 10:37 | Research | Double-Bit Axe |
| 11:38 | Research | Castle Age |
| 11:45 | Research | Horse Collar |
| 11:54 | Build | House |
| 12:06 | Build | Farm |
| 12:07 | Build | Farm |
| 12:09 | Build | Farm |
| 12:12 | Build | Farm |
| 12:29 | Build | Farm |
| 12:29 | Build | Farm |
| 12:30 | Build | Farm |
| 12:31 | Build | Farm |
| 12:34 | Build | Farm |
| 12:40 | Create | Villager (Male) |
| 12:40 | Create | Villager (Male) |
| 12:47 | Build | House |
| 13:22 | Create | Villager (Male) |
| 13:25 | Create | Villager (Male) |
| 13:46 | Build | House |
| 13:48 | Build | House |
| 13:52 | Research | Gold Mining |
| 14:18 | Age | Castle Age |
| 14:19 | Research | Bow Saw |
| 14:25 | Build | Town Center |
| 14:50 | Research | Stone Mining |
| 15:08 | Build | House |
| 15:43 | Research | Squires |
| 15:54 | Create | Villager (Male) |
| 15:54 | Create | Villager (Male) |
| 16:23 | Build | Town Center |
| 16:33 | Build | House |
| 16:51 | Create | Villager (Male) |
| 17:10 | Build | Lumber Camp |
| 17:27 | Create | Villager (Male) |
| 17:38 | Create | Villager (Male) |
| 17:39 | Create | Villager (Male) |
| 17:40 | Create | Villager (Male) |
| 17:42 | Create | Villager (Male) |
| 17:45 | Create | Villager (Male) |
| 17:46 | Create | Villager (Male) |
| 17:47 | Create | Villager (Male) |
| 17:50 | Create | Villager (Male) |
| 17:51 | Create | Villager (Male) |
| 17:53 | Create | Villager (Male) |
| 17:59 | Build | Farm |
| 18:04 | Build | House |
| 18:23 | Build | Farm |
| 18:26 | Create | Villager (Male) |
| 18:27 | Create | Villager (Male) |
| 18:29 | Create | Villager (Male) |
| 18:31 | Research | Heavy Plow |
| 18:46 | Research | Wheelbarrow |
| 18:50 | Create | Villager (Male) |
| 18:55 | Build | House |
| 19:06 | Build | Farm |
| 19:08 | Create | Villager (Male) |
| 19:10 | Create | Villager (Male) |
| 19:17 | Create | Villager (Male) |
| 19:26 | Build | Farm |
| 19:32 | Create | Villager (Male) |
| 19:40 | Research | Town Watch |
| 19:50 | Build | Farm |
| 19:56 | Create | Villager (Male) |
| 20:00 | Create | Villager (Male) |
| 20:13 | Build | Farm |
| 20:21 | Build | Barracks |
| 20:23 | Research | Forging |
| 20:37 | Build | Farm |
| 20:42 | Create | Villager (Male) |
| 20:48 | Build | Farm |
| 20:49 | Build | Farm |
| 20:53 | Create | Villager (Male) |
| 20:56 | Create | Villager (Male) |
| 21:00 | Create | Villager (Male) |
| 21:04 | Build | Farm |
| 21:05 | Build | Farm |
| 21:08 | Create | Villager (Male) |
| 21:13 | Create | Villager (Male) |
| 21:25 | Build | University |
| 21:35 | Build | Farm |
| 21:38 | Create | Villager (Male) |
| 21:42 | Create | Villager (Male) |
| 21:44 | Create | Villager (Male) |
| 21:52 | Build | Lumber Camp |
| 21:58 | Build | Farm |
| 22:00 | Create | Villager (Male) |
| 22:05 | Create | Villager (Male) |
| 22:09 | Create | Villager (Male) |
| 22:14 | Build | Farm |
| 22:15 | Build | Farm |
| 22:16 | Build | Farm |
| 22:19 | Create | Villager (Male) |
| 22:21 | Create | Villager (Male) |
| 22:26 | Create | Villager (Male) |
| 22:28 | Create | Villager (Male) |
| 22:34 | Build | Barracks |
| 22:48 | Build | House |
| 22:56 | Build | Stable |
| 22:58 | Build | Stable |
| 23:04 | Build | House |
| 23:05 | Build | House |
| 23:07 | Build | House |
| 23:08 | Build | House |
| 23:13 | Build | Farm |
| 23:14 | Build | Farm |
| 23:16 | Build | Farm |
| 23:21 | Research | Fletching |
| 23:22 | Research | Iron Casting |
| 23:25 | Research | Scale Mail Armor |
| 23:32 | Research | Fortified Wall (upgrade) |
| 23:35 | Research | Masonry |
| 24:26 | Build | Farm |
| 24:33 | Research | Ballistics |
| 25:22 | Research | Pikeman (upgrade) |
| 25:50 | Build | Castle |
| 25:52 | Research | Imperial Age |
| 25:55 | Build | House |
| 25:56 | Build | House |
| 25:57 | Build | House |
| 25:58 | Build | House |
Build order — Thirithos
First 150 of 453 actions detected
| 0:01 | Create | Villager (Male) |
| 0:01 | Create | Villager (Male) |
| 0:01 | Create | Villager (Male) |
| 0:01 | Create | Villager (Male) |
| 0:24 | Build | Lumber Camp |
| 1:30 | Create | Villager (Male) |
| 1:30 | Create | Villager (Male) |
| 1:53 | Create | Villager (Male) |
| 2:44 | Create | Villager (Male) |
| 2:45 | Create | Villager (Male) |
| 2:45 | Create | Villager (Male) |
| 2:45 | Create | Villager (Male) |
| 3:11 | Build | Mill |
| 3:24 | Research | Loom |
| 4:05 | Create | Villager (Male) |
| 4:07 | Research | Feudal Age |
| 4:08 | Research | Feudal Age |
| 4:08 | Create | Villager (Male) |
| 4:10 | Create | Villager (Male) |
| 5:24 | Build | Farm |
| 5:27 | Build | Farm |
| 5:32 | Create | Villager (Male) |
| 6:17 | Age | Feudal Age |
| 6:19 | Create | Villager (Male) |
| 6:24 | Research | Double-Bit Axe |
| 6:30 | Research | Horse Collar |
| 7:04 | Build | Mining Camp |
| 7:12 | Create | Villager (Male) |
| 7:33 | Build | Blacksmith |
| 8:01 | Create | Villager (Male) |
| 8:28 | Create | Villager (Male) |
| 9:02 | Build | Market |
| 9:06 | Create | Villager (Male) |
| 9:47 | Research | Castle Age |
| 9:48 | Research | Castle Age |
| 9:50 | Research | Gold Mining |
| 10:06 | Build | Farm |
| 11:06 | Build | Lumber Camp |
| 11:14 | Research | Fletching |
| 12:27 | Age | Castle Age |
| 12:34 | Build | Town Center |
| 12:42 | Research | Bow Saw |
| 12:43 | Create | Villager (Male) |
| 12:44 | Create | Villager (Male) |
| 12:53 | Create | Genoese Crossbowman |
| 12:54 | Create | Genoese Crossbowman |
| 13:30 | Create | Villager (Male) |
| 13:44 | Build | Town Center |
| 13:48 | Create | Villager (Male) |
| 13:49 | Create | Villager (Male) |
| 14:00 | Research | Heavy Plow |
| 14:00 | Research | Heavy Plow |
| 14:00 | Research | Heavy Plow |
| 14:00 | Research | Heavy Plow |
| 14:12 | Build | Farm |
| 14:16 | Build | Farm |
| 14:30 | Create | Villager (Male) |
| 14:39 | Build | Farm |
| 14:40 | Build | Farm |
| 14:58 | Create | Villager (Male) |
| 14:59 | Create | Villager (Male) |
| 15:09 | Build | Farm |
| 15:09 | Build | Farm |
| 15:10 | Build | Farm |
| 15:10 | Build | Farm |
| 15:19 | Create | Villager (Male) |
| 15:28 | Build | Farm |
| 15:37 | Create | Villager (Male) |
| 15:41 | Build | Farm |
| 15:44 | Build | Farm |
| 15:45 | Create | Villager (Male) |
| 15:54 | Build | Farm |
| 16:00 | Create | Villager (Male) |
| 16:09 | Build | Farm |
| 16:14 | Create | Villager (Male) |
| 16:15 | Create | Villager (Male) |
| 16:17 | Build | Farm |
| 16:22 | Create | Villager (Male) |
| 16:26 | Build | Farm |
| 16:28 | Build | Farm |
| 16:32 | Build | Farm |
| 16:34 | Create | Villager (Male) |
| 16:35 | Create | Villager (Male) |
| 16:36 | Create | Villager (Male) |
| 16:36 | Create | Villager (Male) |
| 17:04 | Build | Monastery |
| 17:18 | Build | Farm |
| 17:22 | Build | Farm |
| 17:24 | Build | Farm |
| 17:25 | Build | Farm |
| 17:34 | Create | Monk |
| 17:34 | Create | Monk |
| 17:48 | Build | Farm |
| 17:53 | Create | Villager (Male) |
| 17:53 | Create | Villager (Male) |
| 17:53 | Create | Villager (Male) |
| 17:54 | Create | Villager (Male) ×5 |
| 17:56 | Create | Villager (Male) |
| 18:13 | Build | Mill |
| 18:14 | Build | Farm |
| 18:15 | Build | Farm |
| 18:15 | Build | Farm |
| 18:21 | Build | Farm |
| 18:23 | Create | Villager (Male) |
| 18:25 | Build | Farm |
| 18:34 | Create | Villager (Male) |
| 19:01 | Create | Villager (Male) |
| 19:02 | Create | Villager (Male) |
| 19:04 | Create | Villager (Male) |
| 19:07 | Create | Villager (Male) |
| 19:07 | Create | Villager (Male) |
| 19:10 | Build | Farm |
| 19:13 | Create | Genoese Crossbowman |
| 19:13 | Create | Genoese Crossbowman |
| 19:13 | Create | Genoese Crossbowman |
| 19:13 | Create | Genoese Crossbowman |
| 19:14 | Create | Genoese Crossbowman |
| 19:19 | Build | House |
| 19:21 | Build | House |
| 19:22 | Build | House |
| 19:22 | Build | House |
| 19:26 | Build | House |
| 19:27 | Build | House |
| 19:28 | Build | House |
| 19:29 | Build | House |
| 19:33 | Create | Villager (Male) |
| 19:40 | Build | House |
| 19:57 | Create | Villager (Male) |
| 19:58 | Create | Villager (Male) |
| 20:00 | Create | Villager (Male) |
| 20:01 | Research | Wheelbarrow |
| 20:18 | Create | Villager (Male) |
| 20:18 | Create | Villager (Male) |
| 20:20 | Research | Wheelbarrow |
| 20:23 | Create | Villager (Male) |
| 20:24 | Create | Villager (Male) |
| 20:33 | Build | Farm |
| 20:34 | Build | Farm |
| 20:35 | Build | Farm |
| 20:40 | Create | Villager (Male) |
| 20:40 | Create | Villager (Male) |
| 20:40 | Create | Villager (Male) |
| 20:53 | Build | Farm |
| 21:06 | Create | Villager (Male) |
| 21:06 | Create | Villager (Male) |
| 21:20 | Build | Farm |
| 21:48 | Build | Town Center |
| 21:50 | Create | Villager (Male) |
| 21:50 | Create | Villager (Male) |
| 21:53 | Research | Hand Cart |
Build order — Basado Basadez
First 150 of 337 actions detected
| 0:07 | Create | Villager (Male) |
| 0:07 | Create | Villager (Male) |
| 0:07 | Create | Villager (Male) |
| 0:07 | Create | Villager (Male) |
| 0:21 | Build | Mill |
| 0:43 | Build | Lumber Camp |
| 1:27 | Create | Villager (Male) |
| 1:28 | Create | Villager (Male) |
| 1:52 | Create | Villager (Male) |
| 2:19 | Create | Villager (Male) |
| 2:46 | Create | Villager (Male) |
| 2:57 | Build | Mining Camp |
| 3:13 | Create | Villager (Male) |
| 3:39 | Build | Lumber Camp |
| 3:44 | Create | Villager (Male) |
| 3:55 | Create | Villager (Male) |
| 4:05 | Create | Villager (Male) |
| 4:42 | Research | Loom |
| 4:43 | Create | Villager (Male) |
| 4:53 | Build | House |
| 4:56 | Create | Villager (Male) |
| 5:14 | Create | Villager (Male) |
| 5:29 | Create | Villager (Male) |
| 6:04 | Create | Villager (Male) |
| 6:19 | Build | Farm |
| 6:20 | Build | Farm |
| 6:30 | Build | Farm |
| 6:33 | Build | Farm |
| 7:16 | Research | Feudal Age |
| 7:46 | Create | Villager (Male) |
| 7:46 | Create | Villager (Male) |
| 7:47 | Create | Villager (Male) |
| 7:47 | Create | Villager (Male) |
| 9:27 | Age | Feudal Age |
| 9:31 | Build | Blacksmith |
| 9:36 | Build | Market |
| 9:42 | Build | House |
| 10:36 | Research | Horse Collar |
| 10:37 | Research | Castle Age |
| 10:41 | Research | Double-Bit Axe |
| 11:03 | Research | Scale Mail Armor |
| 11:23 | Research | Gold Mining |
| 11:48 | Create | Villager (Male) |
| 11:48 | Create | Villager (Male) |
| 11:49 | Research | Loom |
| 12:01 | Research | Arson |
| 12:26 | Research | Forging |
| 12:35 | Create | Eagle Scout |
| 12:42 | Create | Eagle Scout |
| 12:43 | Create | Eagle Scout |
| 13:10 | Build | Mining Camp |
| 13:22 | Age | Castle Age |
| 13:29 | Build | Town Center |
| 13:38 | Create | Villager (Male) |
| 13:38 | Create | Villager (Male) |
| 13:43 | Create | Eagle Scout |
| 13:46 | Research | Chain Mail Armor |
| 13:57 | Build | Monastery |
| 14:32 | Create | Monk |
| 14:44 | Create | Monk |
| 14:50 | Research | Heavy Plow |
| 15:10 | Research | Bow Saw |
| 15:14 | Create | Eagle Scout |
| 15:37 | Create | Villager (Male) |
| 15:47 | Build | Farm |
| 15:48 | Build | Farm |
| 15:49 | Build | Farm |
| 15:55 | Create | Villager (Male) |
| 15:56 | Create | Villager (Male) |
| 16:03 | Build | Farm |
| 16:04 | Build | Farm |
| 16:15 | Create | Villager (Male) |
| 16:17 | Create | Eagle Scout |
| 16:25 | Create | Monk |
| 16:36 | Create | Villager (Male) |
| 16:36 | Create | Villager (Male) |
| 17:00 | Build | Farm |
| 17:01 | Build | Farm |
| 17:05 | Build | Farm |
| 17:13 | Build | Farm |
| 17:22 | Create | Eagle Scout |
| 17:23 | Research | Squires |
| 17:43 | Create | Villager (Male) |
| 17:44 | Create | Villager (Male) |
| 17:44 | Create | Villager (Male) |
| 17:44 | Create | Villager (Male) |
| 18:06 | Build | Farm |
| 18:07 | Build | Farm |
| 18:12 | Build | Farm |
| 18:16 | Build | Farm |
| 18:28 | Create | Villager (Male) |
| 18:29 | Create | Villager (Male) |
| 18:32 | Create | Eagle Scout |
| 18:53 | Create | Villager (Male) |
| 18:54 | Create | Villager (Male) |
| 18:54 | Create | Villager (Male) |
| 19:06 | Build | House |
| 19:17 | Build | House |
| 19:20 | Build | House |
| 19:26 | Create | Villager (Male) |
| 19:26 | Create | Villager (Male) |
| 19:39 | Create | Villager (Male) |
| 19:39 | Create | Villager (Male) |
| 19:48 | Create | Eagle Scout |
| 19:48 | Create | Eagle Scout |
| 19:52 | Research | Iron Casting |
| 19:55 | Create | Eagle Scout |
| 20:05 | Create | Villager (Male) |
| 20:26 | Build | Town Center |
| 20:37 | Create | Villager (Male) |
| 20:37 | Create | Villager (Male) |
| 20:37 | Create | Villager (Male) |
| 20:50 | Create | Villager (Male) |
| 20:50 | Create | Villager (Male) |
| 20:58 | Build | Castle |
| 21:06 | Create | Villager (Male) |
| 21:07 | Create | Villager (Male) |
| 21:10 | Create | Eagle Scout |
| 21:11 | Create | Eagle Scout |
| 21:22 | Build | Barracks |
| 21:27 | Build | House |
| 21:33 | Create | Villager (Male) |
| 21:33 | Create | Villager (Male) |
| 21:36 | Research | Town Watch |
| 21:37 | Create | Villager (Male) |
| 21:37 | Create | Villager (Male) |
| 21:48 | Create | Villager (Male) |
| 21:48 | Create | Villager (Male) |
| 22:05 | Create | Eagle Scout |
| 22:18 | Build | Farm |
| 22:26 | Research | Wheelbarrow |
| 22:28 | Create | Villager (Male) |
| 22:28 | Create | Villager (Male) |
| 22:36 | Create | Villager (Male) |
| 22:41 | Create | Villager (Male) |
| 22:48 | Create | Eagle Scout |
| 22:50 | Create | Eagle Scout |
| 22:53 | Create | Eagle Scout |
| 23:05 | Create | Villager (Male) |
| 23:09 | Create | Villager (Male) |
| 23:16 | Create | Villager (Male) |
| 23:49 | Build | Mill |
| 23:54 | Create | Villager (Male) |
| 23:54 | Create | Villager (Male) |
| 23:58 | Create | Villager (Male) |
| 23:59 | Create | Villager (Male) |
| 23:59 | Create | Villager (Male) |
| 23:59 | Create | Villager (Male) |
| 24:09 | Build | Farm |
| 24:10 | Build | Farm |
Build order — Bredark
First 150 of 325 actions detected
| 0:13 | Build | Mill |
| 0:18 | Create | Villager (Male) ×4 |
| 0:19 | Research | Loom |
| 0:41 | Create | Villager (Male) ×3 |
| 2:05 | Build | Lumber Camp |
| 2:11 | Create | Villager (Male) |
| 2:11 | Create | Villager (Male) |
| 2:15 | Create | Villager (Male) |
| 2:39 | Create | Villager (Male) |
| 3:49 | Create | Villager (Male) |
| 3:51 | Create | Villager (Male) |
| 3:52 | Create | Villager (Male) |
| 3:52 | Create | Villager (Male) |
| 3:53 | Create | Villager (Male) |
| 3:53 | Create | Villager (Male) |
| 3:54 | Create | Villager (Male) |
| 3:54 | Create | Villager (Male) |
| 4:21 | Create | Villager (Male) |
| 4:42 | Research | Feudal Age |
| 6:23 | Create | Villager (Male) |
| 7:03 | Age | Feudal Age |
| 7:05 | Create | Spearman |
| 7:06 | Create | Spearman |
| 7:20 | Create | Villager (Male) |
| 7:21 | Create | Villager (Male) |
| 7:34 | Build | Farm |
| 7:45 | Create | Villager (Male) |
| 8:13 | Build | Mining Camp |
| 8:24 | Create | Villager (Male) |
| 8:50 | Create | Villager (Male) |
| 8:57 | Build | Farm |
| 8:59 | Build | Farm |
| 9:01 | Build | Farm |
| 9:02 | Build | Farm |
| 9:05 | Build | Farm |
| 9:06 | Build | Farm |
| 9:08 | Build | Farm |
| 9:23 | Create | Villager (Male) |
| 9:41 | Build | Farm |
| 9:45 | Create | Villager (Male) |
| 10:04 | Build | Blacksmith |
| 10:17 | Create | Villager (Male) |
| 10:26 | Build | House |
| 10:30 | Build | Farm |
| 10:33 | Create | Villager (Male) |
| 10:46 | Build | Stone Wall |
| 10:55 | Build | Farm |
| 11:01 | Create | Villager (Male) |
| 11:11 | Build | Stone Wall |
| 11:38 | Create | Villager (Male) |
| 12:13 | Create | Villager (Male) |
| 12:21 | Build | Mining Camp |
| 12:24 | Create | Villager (Male) |
| 12:32 | Build | Stone Wall |
| 12:40 | Build | Stone Wall |
| 12:52 | Build | Stable |
| 13:26 | Research | Castle Age |
| 13:42 | Build | Stable |
| 13:50 | Research | Stone Mining |
| 13:56 | Research | Horse Collar |
| 14:29 | Research | Double-Bit Axe |
| 14:56 | Research | Bloodlines |
| 15:02 | Research | Gold Mining |
| 15:39 | Research | Scale Barding Armor |
| 15:41 | Research | Forging |
| 16:06 | Age | Castle Age |
| 16:11 | Create | Villager (Male) |
| 16:11 | Create | Villager (Male) |
| 16:11 | Create | Villager (Male) |
| 16:25 | Create | Knight |
| 16:27 | Research | Bow Saw |
| 16:32 | Research | Chain Barding Armor |
| 16:49 | Create | Villager (Male) |
| 17:09 | Create | Knight |
| 17:16 | Create | Villager (Male) |
| 17:22 | Build | Town Center |
| 17:29 | Create | Knight |
| 18:32 | Build | Market |
| 18:37 | Create | Villager (Male) |
| 18:40 | Create | Villager (Male) |
| 18:44 | Create | Knight |
| 18:56 | Create | Villager (Male) |
| 19:02 | Create | Villager (Male) |
| 19:09 | Create | Villager (Male) |
| 19:12 | Build | Farm |
| 19:14 | Build | Farm |
| 19:16 | Build | Farm |
| 19:18 | Build | Farm |
| 19:19 | Build | Farm |
| 19:24 | Create | Villager (Male) |
| 19:24 | Create | Villager (Male) |
| 19:30 | Create | Villager (Male) |
| 19:30 | Create | Villager (Male) |
| 19:42 | Create | Knight |
| 19:48 | Create | Knight |
| 19:59 | Create | Villager (Male) |
| 20:07 | Build | House |
| 20:11 | Build | House |
| 20:15 | Create | Villager (Male) |
| 20:16 | Create | Villager (Male) |
| 20:32 | Build | House |
| 20:44 | Research | Stone Shaft Mining |
| 20:48 | Create | Knight |
| 21:09 | Create | Petard |
| 21:21 | Create | Petard |
| 21:38 | Create | Villager (Male) |
| 21:45 | Create | Villager (Male) |
| 21:46 | Create | Villager (Male) |
| 21:48 | Create | Villager (Male) |
| 21:55 | Build | House |
| 21:56 | Build | House |
| 21:57 | Build | House |
| 22:10 | Build | Town Center |
| 22:25 | Research | Iron Casting |
| 22:27 | Research | Fletching |
| 22:38 | Build | Town Center |
| 22:45 | Create | Villager (Male) ×3 |
| 22:49 | Create | Villager (Male) |
| 23:44 | Create | Knight |
| 23:47 | Create | Villager (Male) |
| 23:48 | Create | Villager (Male) |
| 23:49 | Create | Villager (Male) |
| 23:51 | Create | Villager (Male) |
| 23:52 | Create | Villager (Male) |
| 24:01 | Build | Monastery |
| 24:13 | Build | University |
| 24:17 | Build | House |
| 24:19 | Build | House |
| 24:21 | Build | House |
| 24:22 | Build | House |
| 24:26 | Build | House |
| 24:32 | Create | Villager (Male) ×5 |
| 24:34 | Create | Knight |
| 24:35 | Create | Knight |
| 25:05 | Build | Farm |
| 25:07 | Build | Farm |
| 25:08 | Build | Farm |
| 25:10 | Build | Farm |
| 25:11 | Build | Farm |
| 25:13 | Build | Farm |
| 25:18 | Create | Villager (Male) ×5 |
| 25:27 | Research | Ballistics |
| 25:48 | Build | Farm |
| 26:08 | Create | Villager (Male) |
| 26:09 | Create | Villager (Male) |
| 26:32 | Build | Stone Wall |
| 26:41 | Create | Villager (Male) |
| 26:41 | Create | Villager (Male) |
| 26:43 | Research | Wheelbarrow |
| 27:28 | Build | Mining Camp |
Build order — Goroez
First 150 of 428 actions detected
| 0:02 | Create | Villager (Male) |
| 0:02 | Create | Villager (Male) |
| 0:02 | Create | Villager (Male) |
| 0:17 | Create | Villager (Male) |
| 0:18 | Create | Villager (Male) |
| 0:32 | Build | Lumber Camp |
| 1:05 | Create | Villager (Male) |
| 1:16 | Research | Loom |
| 1:16 | Create | Villager (Male) |
| 1:27 | Create | Villager (Male) |
| 1:53 | Create | Villager (Male) |
| 2:36 | Build | Mill |
| 2:40 | Create | Villager (Male) |
| 3:09 | Create | Villager (Male) |
| 3:32 | Create | Villager (Male) |
| 4:12 | Create | Villager (Male) |
| 4:38 | Create | Villager (Male) |
| 4:41 | Create | Villager (Male) |
| 5:06 | Create | Villager (Male) |
| 5:16 | Create | Villager (Male) |
| 5:58 | Create | Villager (Male) |
| 6:39 | Research | Feudal Age |
| 6:50 | Build | Mining Camp |
| 7:43 | Create | Villager (Male) |
| 8:07 | Build | Mining Camp |
| 8:25 | Build | Farm |
| 8:31 | Build | Farm |
| 8:35 | Create | Villager (Male) |
| 8:53 | Age | Feudal Age |
| 9:14 | Research | Town Watch |
| 9:19 | Research | Double-Bit Axe |
| 9:21 | Research | Horse Collar |
| 9:33 | Create | Villager (Male) |
| 10:03 | Create | Villager (Male) |
| 10:41 | Build | Market |
| 10:50 | Build | Blacksmith |
| 10:53 | Create | Villager (Male) |
| 11:23 | Create | Villager (Male) |
| 11:29 | Build | Stable |
| 11:31 | Build | Stable |
| 11:49 | Research | Castle Age |
| 11:56 | Build | Lumber Camp |
| 12:12 | Create | Villager (Male) |
| 12:54 | Build | Farm |
| 13:24 | Build | Outpost |
| 13:28 | Create | Villager (Male) |
| 14:17 | Create | Villager (Male) |
| 14:29 | Age | Castle Age |
| 14:32 | Build | Town Center |
| 14:48 | Research | Bow Saw |
| 14:50 | Create | Villager (Male) |
| 14:54 | Research | Wheelbarrow |
| 14:55 | Create | Villager (Male) |
| 15:24 | Create | Villager (Male) |
| 16:10 | Research | Gold Mining |
| 16:15 | Research | Stone Mining |
| 16:31 | Create | Villager (Male) |
| 17:03 | Build | Farm |
| 17:10 | Research | Husbandry |
| 17:29 | Build | Farm |
| 17:32 | Create | Villager (Male) |
| 17:40 | Build | Farm |
| 17:49 | Build | Town Center |
| 17:52 | Create | Villager (Male) |
| 17:58 | Build | Farm |
| 18:04 | Create | Villager (Male) |
| 18:17 | Build | Town Center |
| 18:19 | Create | Villager (Male) |
| 18:25 | Build | Farm |
| 18:41 | Create | Villager (Male) |
| 18:46 | Build | Farm |
| 19:05 | Create | Villager (Male) |
| 19:12 | Build | Farm |
| 19:13 | Research | Heavy Plow |
| 19:17 | Create | Villager (Male) |
| 19:17 | Create | Villager (Male) |
| 19:33 | Create | Villager (Male) |
| 19:40 | Build | Farm |
| 20:01 | Create | Villager (Male) |
| 20:04 | Create | Villager (Male) |
| 20:41 | Build | Town Center |
| 20:43 | Create | Villager (Male) |
| 20:44 | Create | Villager (Male) |
| 20:51 | Create | Villager (Male) |
| 20:55 | Create | Villager (Male) |
| 21:04 | Create | Villager (Male) |
| 21:12 | Create | Villager (Male) |
| 21:32 | Research | Hand Cart |
| 21:35 | Create | Villager (Male) |
| 21:42 | Create | Villager (Male) |
| 22:13 | Create | Villager (Male) |
| 22:15 | Create | Villager (Male) |
| 22:21 | Build | Farm |
| 22:31 | Create | Villager (Male) |
| 22:46 | Build | Castle |
| 22:51 | Create | Villager (Male) |
| 22:55 | Create | Villager (Male) |
| 22:58 | Create | Villager (Male) |
| 23:03 | Create | Villager (Male) |
| 23:13 | Create | Villager (Male) |
| 23:23 | Create | Villager (Male) |
| 23:24 | Create | Villager (Male) |
| 23:28 | Create | Villager (Male) |
| 23:30 | Create | Villager (Male) |
| 23:46 | Build | Farm |
| 23:51 | Create | Villager (Male) |
| 24:07 | Build | Farm |
| 24:12 | Create | Villager (Male) |
| 24:14 | Create | Villager (Male) |
| 24:20 | Create | Villager (Male) |
| 24:21 | Create | Villager (Male) |
| 24:37 | Build | Farm |
| 24:51 | Research | Town Patrol |
| 24:59 | Build | Farm |
| 25:12 | Build | Farm |
| 25:18 | Create | Villager (Male) |
| 25:35 | Build | Town Center |
| 25:42 | Create | Villager (Male) |
| 25:56 | Build | Town Center |
| 25:57 | Create | Villager (Male) |
| 26:01 | Create | Villager (Male) |
| 26:06 | Build | Farm |
| 26:06 | Build | Farm |
| 26:10 | Create | Villager (Male) |
| 26:24 | Build | Farm |
| 26:25 | Build | Farm |
| 27:03 | Research | Imperial Age |
| 27:25 | Create | Villager (Male) |
| 27:25 | Create | Villager (Male) |
| 27:33 | Build | Stable |
| 27:35 | Build | Stable |
| 27:36 | Build | Stable |
| 27:37 | Build | Stable |
| 27:58 | Research | Bloodlines |
| 28:01 | Research | Scale Barding Armor |
| 28:01 | Research | Forging |
| 28:08 | Create | Villager (Male) |
| 28:24 | Build | Castle |
| 28:36 | Build | Farm |
| 28:36 | Build | Farm |
| 28:36 | Build | Farm |
| 28:37 | Build | Farm |
| 28:37 | Build | Farm |
| 28:37 | Build | Farm |
| 28:38 | Build | Farm |
| 28:48 | Build | Town Center |
| 28:54 | Build | Farm |
| 28:59 | Build | Farm |
| 29:04 | Create | Knight |
| 29:04 | Create | Knight |
Build order — Denderboy
First 150 of 312 actions detected
| 0:09 | Create | Villager (Male) |
| 0:09 | Create | Villager (Male) |
| 0:10 | Create | Villager (Male) |
| 0:10 | Create | Villager (Male) |
| 1:27 | Create | Villager (Male) |
| 1:28 | Create | Villager (Male) |
| 1:48 | Build | Lumber Camp |
| 2:18 | Create | Villager (Male) |
| 2:18 | Create | Villager (Male) |
| 2:18 | Create | Villager (Male) |
| 3:06 | Create | Villager (Male) |
| 3:07 | Create | Villager (Male) |
| 3:07 | Create | Villager (Male) |
| 3:07 | Create | Villager (Male) |
| 3:30 | Create | Villager (Male) |
| 3:30 | Create | Villager (Male) |
| 3:31 | Create | Villager (Male) |
| 3:31 | Create | Villager (Male) |
| 3:31 | Create | Villager (Male) |
| 4:36 | Build | Mill |
| 6:05 | Research | Feudal Age |
| 7:14 | Create | Villager (Male) |
| 7:14 | Create | Villager (Male) |
| 8:02 | Create | Villager (Male) |
| 8:02 | Create | Villager (Male) |
| 8:02 | Create | Villager (Male) |
| 8:03 | Create | Villager (Male) |
| 8:03 | Create | Villager (Male) |
| 8:28 | Age | Feudal Age |
| 8:33 | Research | Double-Bit Axe |
| 8:49 | Research | Wheelbarrow |
| 9:01 | Build | Mining Camp |
| 9:41 | Build | Farm |
| 9:42 | Build | Farm |
| 9:44 | Build | Farm |
| 9:46 | Build | Farm |
| 9:59 | Build | Mining Camp |
| 10:49 | Create | Villager (Male) |
| 10:50 | Create | Villager (Male) |
| 10:50 | Create | Villager (Male) |
| 10:59 | Research | Gold Mining |
| 11:09 | Build | Stable |
| 11:20 | Build | Farm |
| 11:52 | Create | Villager (Male) |
| 11:52 | Create | Villager (Male) |
| 12:02 | Build | Farm |
| 12:04 | Build | Farm |
| 12:05 | Build | Farm |
| 12:09 | Build | Farm |
| 12:12 | Build | Farm |
| 12:18 | Create | Villager (Male) |
| 12:38 | Build | Market |
| 13:51 | Research | Castle Age |
| 13:51 | Research | Castle Age |
| 13:51 | Research | Castle Age |
| 14:15 | Create | Villager (Male) |
| 14:15 | Create | Villager (Male) |
| 14:16 | Create | Villager (Male) |
| 16:35 | Age | Castle Age |
| 16:39 | Build | Town Center |
| 16:44 | Create | Villager (Male) |
| 16:52 | Research | Bow Saw |
| 17:28 | Create | Knight |
| 17:28 | Create | Knight |
| 17:28 | Create | Knight |
| 17:37 | Create | Villager (Male) |
| 17:37 | Create | Villager (Male) |
| 18:03 | Build | Farm |
| 18:10 | Build | House |
| 18:14 | Build | House |
| 18:24 | Build | Farm |
| 18:28 | Create | Villager (Male) |
| 18:29 | Create | Villager (Male) |
| 18:29 | Create | Villager (Male) |
| 18:29 | Create | Villager (Male) |
| 18:46 | Build | Lumber Camp |
| 18:54 | Create | Villager (Male) |
| 18:54 | Create | Villager (Male) |
| 19:03 | Build | Farm |
| 19:14 | Build | Blacksmith |
| 19:23 | Build | Farm |
| 19:33 | Create | Villager (Male) |
| 19:33 | Create | Villager (Male) |
| 19:36 | Create | Villager (Male) |
| 19:36 | Create | Villager (Male) |
| 19:45 | Build | Farm |
| 19:49 | Create | Villager (Male) |
| 20:01 | Build | Town Center |
| 20:15 | Build | Blacksmith |
| 20:25 | Build | Monastery |
| 20:35 | Research | Hand Cart |
| 20:43 | Research | Stone Mining |
| 20:44 | Research | Gold Shaft Mining |
| 21:21 | Build | Stable |
| 21:22 | Build | Stable |
| 21:33 | Create | Monk |
| 21:52 | Create | Villager (Male) |
| 21:52 | Create | Villager (Male) |
| 21:53 | Create | Villager (Male) |
| 22:01 | Create | Villager (Male) |
| 22:02 | Create | Villager (Male) |
| 22:02 | Create | Villager (Male) |
| 22:02 | Create | Villager (Male) |
| 22:09 | Create | Villager (Male) |
| 22:09 | Create | Villager (Male) |
| 22:10 | Create | Villager (Male) |
| 22:10 | Create | Villager (Male) |
| 22:37 | Build | House |
| 22:37 | Build | House |
| 22:39 | Build | House |
| 22:49 | Build | Farm |
| 22:51 | Build | Farm |
| 22:58 | Create | Villager (Male) |
| 22:59 | Create | Villager (Male) |
| 23:15 | Research | Imperial Age |
| 24:09 | Build | Farm |
| 24:15 | Build | Farm |
| 24:17 | Build | Farm |
| 24:21 | Create | Villager (Male) |
| 24:21 | Create | Villager (Male) |
| 24:28 | Create | Villager (Male) |
| 24:28 | Create | Villager (Male) |
| 24:28 | Create | Villager (Male) |
| 24:32 | Create | Villager (Male) |
| 24:44 | Build | Farm |
| 24:56 | Research | Forging |
| 25:31 | Build | Stable |
| 25:33 | Build | Stable |
| 25:35 | Build | Stable |
| 25:52 | Build | House |
| 25:52 | Build | House |
| 25:56 | Build | House |
| 26:01 | Build | House |
| 26:16 | Build | Farm |
| 26:28 | Build | Farm |
| 26:29 | Build | Farm |
| 26:31 | Build | Farm |
| 26:33 | Build | Farm |
| 26:44 | Age | Imperial Age |
| 26:52 | Build | University |
| 26:55 | Research | Cavalier (upgrade) |
| 27:03 | Create | Knight ×5 |
| 27:03 | Create | Knight ×5 |
| 27:14 | Build | Farm |
| 28:30 | Research | Paladin (upgrade) |
| 28:51 | Build | Market |
| 29:34 | Build | Castle |
| 29:54 | Create | Villager (Male) |
| 29:54 | Create | Villager (Male) |
| 29:55 | Create | Villager (Male) |
Match timeline
| 6:17 | Thirithos · age_up feudal |
| 7:03 | Bredark · age_up feudal |
| 8:28 | Denderboy · age_up feudal |
| 8:48 | The Bear Jew · first_building Barracks |
| 8:53 | Goroez · age_up feudal |
| 9:27 | Basado Basadez · age_up feudal |
| 10:01 | The Bear Jew · age_up feudal |
| 10:12 | The Bear Jew · first_building Stable |
| 10:46 | Bredark · wall_segment Stone Wall x7 |
| 11:09 | Denderboy · first_building Stable |
| 11:11 | Bredark · wall_segment Stone Wall x3 |
| 11:29 | Goroez · first_building Stable |
| 12:27 | Thirithos · age_up castle |
| 12:32 | Bredark · wall_segment Stone Wall x1 |
| 12:40 | Bredark · wall_segment Stone Wall x1 |
| 12:52 | Bredark · first_building Stable |
| 13:22 | Basado Basadez · age_up castle |
| 13:57 | Basado Basadez · first_building Monastery |
| 14:18 | The Bear Jew · age_up castle |
| 14:29 | Goroez · age_up castle |
| 14:31 | Denderboy · first_market_sell 100 wood |
| 16:06 | Bredark · age_up castle |
| 16:35 | Denderboy · age_up castle |
| 17:04 | Thirithos · first_building Monastery |
| 20:22 | Goroez · first_market_buy 100 wood |
| 20:25 | Denderboy · first_building Monastery |
| 20:58 | Basado Basadez · first_building Castle |
| 21:22 | Basado Basadez · first_building Barracks |
| 21:40 | Thirithos · first_market_sell 100 food |
| 21:46 | Thirithos · first_market_buy 100 stone |
| 22:46 | Goroez · first_building Castle |
| 24:01 | Bredark · first_building Monastery |
| 25:50 | The Bear Jew · first_building Castle |
| 25:59 | Thirithos · first_building Archery Range |
| 26:32 | Bredark · wall_segment Stone Wall x5 |
| 26:44 | Denderboy · age_up imperial |
| 27:37 | The Bear Jew · first_building Siege Workshop |
| 29:01 | Thirithos · wall_segment Stone Wall x17 |
| 29:02 | The Bear Jew · age_up imperial |
| 29:07 | Thirithos · wall_segment Stone Wall x25 |
| 29:26 | Thirithos · age_up imperial |
| 29:34 | Denderboy · first_building Castle |
| 29:54 | Goroez · first_market_sell 100 wood |
| 29:55 | Basado Basadez · age_up imperial |
| 30:07 | Bredark · first_building Barracks |
| 30:13 | Bredark · first_building Siege Workshop |
| 30:13 | Goroez · age_up imperial |
| 32:00 | Thirithos · first_building Castle |
| 33:28 | Thirithos · wall_segment Stone Wall x30 |
| 33:30 | Thirithos · wall_segment Stone Wall x2 |
| 33:59 | Thirithos · first_building Siege Workshop |
| 34:27 | Bredark · first_building Castle |
| 35:26 | The Bear Jew · wall_segment Stone Wall x4 |
| 36:32 | Bredark · age_up imperial |
| 38:12 | Goroez · first_building Barracks |
| 39:10 | Denderboy · wall_segment Stone Wall x9 |
| 39:17 | Thirithos · tribute_sent a jugador 2 |
| 39:17 | Thirithos · tribute_sent a jugador 3 |
| 39:17 | Thirithos · tribute_sent a jugador 4 |
| 39:17 | Thirithos · tribute_sent a jugador 5 |
| 39:17 | Thirithos · tribute_sent a jugador 6 |
| 39:18 | Denderboy · wall_segment Stone Wall x5 |
| 40:50 | Basado Basadez · first_market_sell 500 wood |
| 40:56 | Thirithos · tribute_sent a jugador 2 |
| 40:56 | Thirithos · tribute_sent a jugador 3 |
| 40:56 | Thirithos · tribute_sent a jugador 4 |
| 40:56 | Thirithos · tribute_sent a jugador 5 |
| 40:56 | Thirithos · tribute_sent a jugador 6 |
| 41:23 | Thirithos · tribute_sent a jugador 2 |
| 41:23 | Thirithos · tribute_sent a jugador 3 |
| 41:23 | Thirithos · tribute_sent a jugador 4 |
| 41:23 | Thirithos · tribute_sent a jugador 5 |
| 41:23 | Thirithos · tribute_sent a jugador 6 |
| 42:37 | Thirithos · wall_segment Stone Wall x7 |
| 42:39 | Thirithos · wall_segment Stone Wall x7 |
| 43:09 | Denderboy · wall_segment Stone Wall x4 |
| 44:22 | Bredark · wall_segment Stone Wall x1 |
| 44:30 | Bredark · wall_segment Stone Wall x1 |
| 45:20 | Thirithos · tribute_sent a jugador 2 |
| 45:20 | Thirithos · tribute_sent a jugador 3 |
| 45:20 | Thirithos · tribute_sent a jugador 4 |
| 45:20 | Thirithos · tribute_sent a jugador 5 |
| 45:20 | Thirithos · tribute_sent a jugador 6 |
| 45:23 | Basado Basadez · first_building Siege Workshop |
| 45:34 | Thirithos · tribute_sent a jugador 2 |
| 45:34 | Thirithos · tribute_sent a jugador 3 |
| 45:34 | Thirithos · tribute_sent a jugador 4 |
| 45:34 | Thirithos · tribute_sent a jugador 5 |
| 45:34 | Thirithos · tribute_sent a jugador 6 |
| 47:38 | Bredark · first_market_sell 500 wood |
| 50:11 | Denderboy · wall_segment Stone Wall x6 |
| 50:16 | Thirithos · first_building Barracks |
| 50:31 | Denderboy · resign |
[ AI ANALYSIS · 1 CREDIT ]
What really happened in this match?
Wolo.gg analyzes every decision: build order, eco, micro, common mistakes by bracket. Personalized analysis on WhatsApp or Discord in 30 seconds.
Civ guide
Teutons
Perfil
Jugador #397570